AoeStats
← MrOizo

Black Forest

504291768Analyzed
3v3 RM · 28d ago on Sep 4, 2026· 52m 7s· 6 players
Game mode
Random Map
Map size
Normal (6 player)
Population
200
Speed
Normal
Resources
Standard
Victory
Conquest
Starting age
Dark Age
Ending age
Imperial Age
RankedLock teamsTeams togetherTeam positionsShared explorationLock speedFull tech treeHidden civsTurbo modeCheats
Victory
Defeat
🇺🇸 Romans · United States
566
+21
🇺🇸 Bohemians · United States
551
+21
🇲🇽 Britons · Mexico
528
+22
🇸🇪 Saracens · Sweden
707
-23
🇸🇪 Persians · Sweden
692
-22
🇸🇪 Bohemians · Sweden
616
-19
Joge oropeza
2:49 Loom
13:03 Feudal Age
15:39 Horse Collar
16:18 Double-Bit Axe
17:47 Wheelbarrow
17:11 Fletching
18:21 Padded Archer Armor
19:00 Town Watch
19:12 Gold Mining
20:57 Stone Mining
21:18 Man-at-Arms
29:13 Castle Age
28:21 Scale Barding Armor
29:02 Arson
30:01 Husbandry
31:18 Crossbowman
32:25 Heavy Plow
35:28 Murder Holes
35:44 Fortified Wall
35:55 Bow Saw
37:49 Hand Cart
39:34 Bodkin Arrow
40:16 Leather Archer Armor
40:57 Town Patrol
41:58 Chain Barding Armor
49:04 Yeomen
51:50 Imperial Age
50:33 Scale Mail Armor
50:44 Forging
Kenshin Brown
6:31 Loom
9:42 Feudal Age
12:35 Double-Bit Axe
14:22 Horse Collar
21:48 Castle Age
21:04 Forging
21:02 Scale Mail Armor
21:18 Scale Barding Armor
21:53 Man-at-Arms
23:01 Heavy Plow
23:51 Wheelbarrow
23:46 Bow Saw
23:45 Long Swordsman
25:40 Squires
25:57 Stone Mining
27:34 Chain Mail Armor
28:00 Iron Casting
29:20 Gold Mining
31:17 Ballistas
35:13 Imperial Age
37:04 Conscription
36:24 Heavy Scorpion
37:06 Legionary
40:59 Conscription
42:07 Blast Furnace
50:44 Chain Barding Armor
EGthe@2nd
10:47 Feudal Age
11:30 Double-Bit Axe
13:30 Horse Collar
20:08 Castle Age
21:03 Bow Saw
21:00 Heavy Plow
23:23 Chemistry
22:32 Treadmill Crane
23:05 Fervor
29:18 Imperial Age
27:29 Pikeman
28:09 Squires
28:25 Loom
29:21 Wheelbarrow
28:33 Town Watch
30:47 Conscription
30:52 Halberdier
33:43 Herbal Medicine
34:12 Ballistics
34:03 Fortified Wall
35:00 Hand Cart
35:34 Town Patrol
36:18 Caravan
36:50 Wagenburg Tactics
38:54 Houfnice
42:05 Forging
41:45 Fletching
41:56 Scale Mail Armor
41:56 Padded Archer Armor
45:10 Siege Engineers
47:00 Elite Hussite Wagon
48:53 Iron Casting
48:13 Bodkin Arrow
48:34 Leather Archer Armor
48:34 Chain Mail Armor
48:44 Hussite Reforms
Chihiro
14:08 Feudal Age
15:44 Double-Bit Axe
18:56 Horse Collar
22:13 Castle Age
23:58 Bow Saw
23:32 Horse Collar
23:56 Stone Mining
27:03 Wheelbarrow
26:14 Loom
26:15 Town Watch
28:57 Stone Shaft Mining
31:43 Hand Cart
31:29 Town Patrol
31:34 Gold Mining
31:38 Fletching
31:50 Murder Holes
32:19 Bodkin Arrow
32:35 Forging
35:08 Heavy Plow
38:58 Imperial Age
37:19 Ballistics
38:42 Caravan
39:52 Iron Casting
39:24 Scale Barding Armor
38:45 Elite War Elephant
40:04 Coinage
39:44 Guilds
41:07 Two-Man Saw
40:44 Citadels
40:57 Conscription
42:06 Crop Rotation
43:40 Chemistry
43:30 Fervor
44:44 Hoardings
44:03 Heavy Camel Rider
jenjak
0:27 Loom
14:57 Feudal Age
15:30 Double-Bit Axe
18:55 Town Watch
22:47 Scale Mail Armor
25:49 Castle Age
23:51 Scale Mail Armor
23:42 Fletching
24:14 Horse Collar
25:51 Pikeman
31:16 Chemistry
30:28 Heavy Plow
30:38 Elite Skirmisher
32:38 Fortified Wall
33:41 Murder Holes
34:44 Bodkin Arrow
36:30 Forging
40:13 Imperial Age
40:21 Wheelbarrow
41:39 Hand Cart
41:37 Bow Saw
45:44 Padded Archer Armor
47:26 Conscription
47:14 Halberdier
MrOizo
3:57 Loom
13:22 Feudal Age
18:52 Castle Age
16:55 Double-Bit Axe
24:50 Scale Barding Armor
27:12 Fletching
30:00 Horse Collar
33:32 Imperial Age
31:36 Bloodlines
33:03 Chain Barding Armor
34:18 Ballistics
34:24 Ballistics
35:05 Husbandry
35:27 Bodkin Arrow
38:07 Counterweights
41:20 Chemistry
40:50 Elite Mameluke
44:16 Heavy Camel Rider
45:48 Bracer
47:51 Heavy Plow
Connection lost

Rejoining the realm…

Still unreachable

The connection could not be restored.

Session expired

The server has moved on; the page needs a fresh start.